 Dungeon Crawl Stone Soup version 0.21-a0-19-g210df22 (webtiles) character file.

23 tof the Skirmisher (level 3, 0/30 HPs)
             Began as a Barachi Monk on May 24, 2017.
             Succumbed to an adder's poison
             ... on level 2 of the Dungeon.
             The game lasted 00:01:43 (763 turns).

tof the Skirmisher (Barachi Monk)                    Turns: 763, Time: 00:01:44

Health: 0/30       AC:  2    Str: 12    XL:     3   Next: 0%
Magic:  3/3        EV: 13    Int: 10    God:
Gold:   40         SH:  0    Dex: 15    Spells: 2/2 levels left

rFire    + . .     SeeInvis .   a - +0 spear
rCold    + . .     Gourm    .   (no shield)
rNeg     . . .     Faith    .   b - +0 robe
rPois    +         Spirit   .   (no helmet)
rElec    +         Reflect  .   (no cloak)
rCorr    +         Harm     .   (no gloves)
MR       .....                  (no boots)
Stlth    ++........             (no amulet)
Regen    0.1/turn               (no ring)
MPRegen  0.1/turn               (no ring)

@: lethally poisoned (0 -> -10), resistant, slow
A: +LOS, swims, talons 1, blurry vision 1, slowness 1, strong legs 1
a: Hop


You were on level 2 of the Dungeon.
You were not hungry.

You visited 1 branch of the dungeon, and saw 2 of its levels.

You collected 40 gold pieces.

Inventory:

Hand Weapons
 a - a +0 spear (weapon)
Missiles
 g - 5 tomahawks (quivered)
Armour
 b - a +0 robe (worn)
Scrolls
 d - 2 scrolls of teleportation {unknown}
 e - 2 scrolls of remove curse {unknown}
 j - 3 scrolls of identify {unknown}
 l - a scroll of blinking {unknown}
 m - a scroll of fog {unknown}
Comestibles
 c - 3 bread rations
 i - 2 royal jellies


   Skills:
 * Level 4.0 Fighting
 * Level 3.4 Polearms
 + Level 0.4 Throwing
 + Level 1.2 Armour
 - Level 3.2 Dodging
 - Level 1.7 Stealth


You had 2 spell levels left.
You didn't know any spells.

Dungeon Overview and Level Annotations

Branches:
Dungeon (2/15)

Altars:


Innate Abilities, Weirdness & Mutations

Shadows flee at your approach. (+LOS)
You can swim through water.
You cover ground slowly.
You can hop short distances.
You have sharp toenails.
Scrolls take you a little longer to read.


Message History

You feel sick. The adder bites you but does no damage.
You hit the adder.
You kill the adder!
Your Fighting skill increases to level 4!
You have reached level 3!
Your experience leads to an increase in your attributes!
Increase (S)trength, (I)ntelligence, or (D)exterity?
You feel agile.
* * * LOW HITPOINT WARNING * * *
You feel sick.
It was a potion of resistance.
You feel protected.
* * * LOW HITPOINT WARNING * * *
You feel sick.
It was a potion of mutation.
You feel extremely strange.
Your vision blurs.
Your toenails lengthen and sharpen.
* * * LOW HITPOINT WARNING * * *
You feel sick.
You begin reading the scroll.
You continue reading the scroll.
You die...

#.#. #..###.....
#.#.#####..###.##.#
#.#.......#.##.##.#
#$##.....###.......
##.....#.##
##..##.# #.......##
##.##.# #...####.#
#<..... #...# #.#
#...#### #..@#
#.#....# #...†#
#.##..# #.#..#
.......# #.#..# .##
###.# . ...# # #.#
....... #.# ..
..... .# ## .....#
#......


There were no monsters in sight!

Vanquished Creatures
  An adder (D:2)
  A dart slug (D:1)
  A giant cockroach (D:1)
  A goblin (D:1)
  2 hobgoblins (D:1)
  A ball python (D:1)
  2 bats
  2 frilled lizards (D:1)
  A kobold (D:1)
  2 rats (D:1)
14 creatures vanquished.

Notes
Turn   | Place    | Note
-------+----------+-------------------------------------------
     0 | D:1      | tof the Barachi Monk began the quest for the Orb.
     0 | D:1      | Reached XP level 1. HP: 18/18 MP: 1/1
   262 | D:1      | Reached XP level 2. HP: 21/25 MP: 2/2
   483 | D:1      | Reached skill level 1 in Armour
   759 | D:2      | Reached skill level 4 in Fighting
   759 | D:2      | Reached XP level 3. HP: 4/30 MP: 3/3
   761 | D:2      | Gained mutation: Scrolls take you a little longer to read. [potion of mutation]
   761 | D:2      | Gained mutation: You have sharp toenails. [potion of mutation]
   761 | D:2      | HP: 1/30 [poisoned by an adder]
   763 | D:2      | Succumbed to an adder's poison

Vault maps used:
D:1:      minmay_arrival_wavy_path
D:2:      lemuel_crystal_altar, old_standard_altar, lemuel_statue_altar,
          uniq_crazy_yiuf_cottage

Skill      XL: |  1  2 |
---------------+-------+-----
Armour         | 1 |  1.2
Fighting       | 4 |  4.0
Polearms       | |  3.4
Throwing       | |  0.4
Dodging        | |  3.2
Stealth        | |  1.7

Action                   || total
-------------------------++-------
Melee: Spear             ||    61
  Use: Potion            ||     2
 Stab: Sleeping          ||     3
Armor: Robe              ||    10
Dodge: Dodged            ||    31
